 Dungeon Crawl Stone Soup version 0.27.0-1-g7a089689b8 (webtiles) character file.

Game seed: 15819372575375592437

2018 avis the Martial Artist (level 9, -8/61 HPs)
             Began as an Octopode Transmuter on Aug 9, 2021.
             Mangled by a two-headed ogre (12 damage)
             ... on level 8 of the Dungeon on Aug 11, 2021.
             The game lasted 00:43:26 (7012 turns).

avis the Martial Artist (Octopode Transmuter)       Turns: 7012, Time: 00:43:26

Health: -8/61      AC:  2    Str: 12    XL:     9   Next: 23%
Magic:  10/13      EV: 22    Int: 16    God:
Gold:   332        SH:  5    Dex: 17    Spells: 1/14 levels left

rFire    . . .     SeeInvis +     - Unarmed
rCold    . . .     Faith    .   (shield currently unavailable)
rNeg     . . .     Spirit   .   (helmet currently unavailable)
rPois    x         Reflect  +   o - amulet of reflection
rElec    .         Harm     .   t - ring of see invisible
rCorr    .         Rampage  .   (no ring)
Will     .....                  (no ring)
Stlth    +++.......             (no ring)
HPRegen  0.20/turn              (no ring)
MPRegen  0.13/turn              (no ring)
                                (no ring)
                                (no ring)

@: spider-form
A: venomous fangs, almost no armour, (amphibious), 8 rings, tiny, (camouflage
1), (gelatinous body 1), (nimble swimmer 1), (tentacles)
a: End Transformation


You were on level 8 of the Dungeon.
You were a venomous arachnid creature.
You visited 2 branches of the dungeon, and saw 9 of its levels.

You collected 332 gold pieces.

Inventory:

Hand Weapons
 a - a +4 quarterstaff of chaos (melded)
 b - a +3 hunting sling of freezing
 j - a +0 dagger
 q - a +1 mace of venom
Missiles
 g - 119 stones
 k - 10 boomerangs
 l - a throwing net
 p - 16 bolts
 r - 20 poisoned darts (quivered)
 s - 8 javelins
 A - 42 arrows
Magical Staves
 x - a staff of air
Jewellery
 d - an amulet of regeneration
 o - an amulet of reflection (around neck)
 t - a ring of see invisible (left front leg)
Wands
 B - a wand of iceblast (16)
Scrolls
 c - a scroll of magic mapping {unknown}
 m - a scroll of holy word {unknown}
 v - a scroll of acquirement {unknown}
 w - 2 scrolls of fog {unknown}
 y - 2 scrolls of identify {unknown}
Potions
 e - a potion of cancellation {unknown}
 f - 2 potions of heal wounds {unknown}
 h - 3 potions of invisibility {unknown}
 i - 4 potions of curing {unknown}
 n - a potion of degeneration {unknown}
 u - 2 potions of magic {unknown}
 z - 4 potions of might {unknown}


   Skills:
 - Level 5.0 Fighting
 * Level 4.8 Dodging
 - Level 4.0 Stealth
 - Level 9.0 Unarmed Combat
 - Level 3.0 Spellcasting
 + Level 3.0 Transmutations
 - Level 2.0 Poison Magic


You had one spell level left.
You knew the following spells:

 Your Spells              Type           Power      Damage    Failure   Level
a - Beastly Appendage     Tmut           24%        N/A       16%         1
p - Spider Form           Tmut/Pois      5%         N/A       41%         3
q - Ice Form              Ice/Tmut       7%         N/A       86%         4
B - Blade Hands           Tmut           6%         N/A       94%         5

Your spell library contained the following spells:

 Spells                   Type           Power      Damage    Failure   Level
 Wereblood                Tmut           12%        N/A       22%         2
 Static Discharge         Conj/Air       2%         N/A       50%         2
 Animate Dead             Necr           1%         N/A       96%         4
 Dispel Undead            Necr           2%         3d7       96%         4
 Sticky Flame             Conj/Fire      2%         2d3       96%         4
 Borgnjor's Vile Clutch   Necr/Erth      1%         N/A       100%        5
 Death Channel            Necr           1%         N/A       100%        6
 Iron Shot                Conj/Erth      1%         9d1       100%        6
 Animate Armour           Summ/Erth      Unusable   N/A       N/A         4

Dungeon Overview and Level Annotations

Branches:
Dungeon (9/15)             Temple (1/1) D:4
   Lair: D:8-11         Orc: D:9-12

Altars:
Ashenzari
Kikubaaqudgha
Makhleb
Okawaru
Xom
The Shining One

Shops:
D:4 =

Annotations:
D:8 Pikel, Psyche


Innate Abilities, Weirdness & Mutations

You are a venomous arachnid creature.
You have poisonous fangs.
You are tiny and dextrous.
Your spellcasting is less reliable in this form.
Your armour is entirely melded.
You are incapable of wielding weapons or throwing items.
You cannot wear most types of armour.
((You are amphibious.))
You can wear up to eight rings at the same time.
((Your skin changes colour to match your surroundings (Stealth+).))
((Your rubbery body absorbs attacks. (AC +1, EV +1)))
((You are camouflaged near water. (Stealth+)))
((You have tentacles for arms and can constrict up to eight enemies at once.))


Message History

You sock the lemure! You grab the lemure. You squeeze the lemure!
The lemure is severely wounded.
You constrict the lemure, but do no damage.
The lemure hits you!
You hit the lemure but do no damage. You tentacle-slap the lemure.
The lemure is almost dead.
You constrict the lemure, but do no damage.
The lemure closely misses you.
You sock the lemure! You freeze the lemure.
You kill the lemure!
That felt strangely unrewarding.
You start resting.
Magic restored.
You start resting.
Your magical contamination has completely faded away.
You start resting.
HP restored.
Found a stone staircase leading up.
Found 21 stones.
There is a stone staircase leading up here.
You climb upwards.
Level annotation: Pikel
There is a stone staircase leading down here.
Psyche the Insane Magess comes into view.
She is wielding a +3 dagger of chaos and wearing a +2 robe of fire resistance.
A two-headed ogre comes into view.
It is wielding a +0 dire flail and a +0 giant club.
Found 12 stones.
Casting: Spider Form (dangerous; 21% risk of failure)
Confirm with . or Enter, or press ? or * to list all spells.
You turn into a venomous arachnid creature.
Your +4 quarterstaff of chaos melds into your body.
You bite the two-headed ogre!
The two-headed ogre is lightly wounded.
The two-headed ogre hits you with a +0 dire flail!!
The two-headed ogre misses you.
You hit the two-headed ogre.
The two-headed ogre is poisoned.
The two-headed ogre is lightly wounded.
The two-headed ogre hits you with a +0 dire flail!!
* * * LOW HITPOINT WARNING * * *
The two-headed ogre hits you with a +0 giant club!
You die...

.....## ## ..... ...
...####.# (
#+#.......#..
#.#.##......
#.#......#
###.#......#
#######..........#
........#.##..s..##...
#######.......>O......
#...............#
#...########.....
#........# ....#
#..........# ....
#..........# ###
#..#........#
......###.#...


You could see a two-headed ogre (very poisoned).

Vanquished Creatures
  A two-headed ogre (D:9)
  2 necrophages (D:5)
  3 ogres
  A lemure (D:9)
  2 phantoms
  3 scorpions
  2 water moccasin skeletons
  A jelly (D:6)
  2 orc priests (D:5)
  Crazy Yiuf (D:3)
  A hound (D:6)
  A bullfrog skeleton (D:5)
  4 orc wizards
  3 iguanas
  A hound skeleton (D:4)
  5 adders
  A white imp (D:5)
  An adder skeleton (D:4)
  A dart slug (D:2)
  11 orcs
  10 ball pythons
  10 bats
  9 endoplasms
  8 giant cockroaches
  2 goblins
  7 hobgoblins
  13 jackals
  3 quokkas
  7 frilled lizards
  7 kobolds
  7 rats
130 creatures vanquished.

Vanquished Creatures (others)
  4 plants (D:1)
4 creatures vanquished.

Grand Total: 134 creatures vanquished

Notes
Turn   | Place    | Note
-------+----------+-------------------------------------------
     0 | D:1      | avis the Octopode Transmuter began the quest for the Orb.
     0 | D:1      | Reached XP level 1. HP: 13/13 MP: 3/3
     1 | D:1      | Noticed an elf
     1 | D:1      | Noticed a ghoul
     3 | D:1      | Noticed a djinni
     5 | D:1      | Noticed a naga
    10 | D:1      | Noticed a human
    10 | D:1      | Noticed a tengu
    12 | D:1      | Noticed a draconian
    12 | D:1      | Noticed a demigod
    13 | D:1      | Noticed a human
    14 | D:1      | Noticed a naga
    14 | D:1      | Noticed a dwarf
    16 | D:1      | Noticed an ogre
    18 | D:1      | Noticed a naga
    18 | D:1      | Noticed a human
    45 | D:1      | Reached skill level 1 in Stealth
   115 | D:1      | Reached XP level 2. HP: 14/18 MP: 3/5
   674 | D:1      | Reached skill level 1 in Poison Magic
   680 | D:1      | Reached XP level 3. HP: 17/24 MP: 6/6
  1058 | D:1      | Found a faded altar of an unknown god.
  1419 | D:1      | Learned a level 3 spell: Spider Form
  2030 | D:2      | Reached XP level 4. HP: 16/29 MP: 4/7
  2099 | D:2      | Reached skill level 4 in Unarmed Combat
  3014 | D:2      | Reached XP level 5. HP: 27/34 MP: 5/8
  3225 | D:3      | Found a runed translucent door.
  3226 | D:3      | Noticed Crazy Yiuf
  3237 | D:3      | Killed Crazy Yiuf
  3581 | D:3      | Found a burning altar of Makhleb.
  3583 | D:3      | Noticed a balrug
  3587 | D:3      | Noticed a hellwing
  3587 | D:3      | Noticed a neqoxec
  3732 | D:4      | Found a staircase to the Ecumenical Temple.
  3760 | Temple   | Entered the Ecumenical Temple
  3797 | D:4      | Reached XP level 6. HP: 40/41 MP: 10/10
  4002 | D:4      | Found a sand-covered staircase.
  4243 | D:4      | Found Hymaroy's Jewellery Shop.
  4260 | D:4      | Reached skill level 5 in Unarmed Combat
  4260 | D:4      | Reached XP level 7. HP: 36/46 MP: 11/11
  4545 | D:4      | Learned a level 4 spell: Ice Form
  4583 | D:5      | Entered Level 5 of the Dungeon
  4795 | D:5      | Reached skill level 6 in Unarmed Combat
  5194 | D:5      | Reached XP level 8. HP: 54/54 MP: 8/12
  5876 | D:6      | Reached skill level 7 in Unarmed Combat
  6130 | D:6      | Reached skill level 5 in Fighting
  6175 | D:6      | You fall into a shaft and drop 3 floors!
  6208 | D:9      | Noticed a two-headed ogre
  6220 | D:9      | Noticed a hornet
  6255 | D:9      | Killed a two-headed ogre
  6256 | D:9      | Reached skill level 8 in Unarmed Combat
  6256 | D:9      | Reached skill level 9 in Unarmed Combat
  6256 | D:9      | Reached XP level 9. HP: 14/61 MP: 13/13
  6547 | D:9      | Noticed a hornet
  6820 | D:8      | Learned a level 5 spell: Blade Hands
  6870 | D:8      | Noticed Pikel
  7005 | D:8      | Noticed Psyche
  7007 | D:8      | Noticed a two-headed ogre
  7012 | D:8      | Mangled by a two-headed ogre

Illustrated notes

Levels and vault maps discovered:
D:1:      shiori_arrival_whats_in_store_for_you, layout_loops_corners,
          hellmonk_ecumenical_altar_dog_temple, serial_bayou,
          serial_bayou_pond_d, serial_bayou_pond_b, serial_bayou_pond_b,
          serial_bayou_lake_a
D:2:      layout_loops_corners
D:3:      layout_rooms, makhleb_altar_promises_db, uniq_crazy_yiuf_cottage
D:4:      layout_gridville, minmay_temple_entry_arrows, serial_shops,
          nicolae_shop_crystal, enter_ossuary_1
D:5:      layout_basic
D:6:      layout_basic, hangedman_abyss_or_decor_passed,
          minmay_increasing_density
D:8:      layout_basic, serial_shops, nicolae_stop_n_shop_2, uniq_pikel,
          uniq_erica, uniq_psyche, uniq_joseph
D:9:      layout_loops_ring, erik_orc_1
Temple:   regret_index_temple_sigil_plot

Skill      XL: |  1  2  3  4  5  6  7  8 |
---------------+-------------------------+-----
Stealth        | 2 3 4 |  4.0
Fighting       | 2 3 4 5 |  5.0
Poison Magic   | 1 2 |  2.0
Unarmed Combat | 4 5 6 9 |  9.0
Transmutations | 3 |  3.0
Spellcasting   | 3 |  3.0
Dodging        | 3 4 |  4.8

Action                   |  1- 3 |  4- 6 |  7- 9 || total
-------------------------+-------+-------+-------++-------
Melee: Unarmed           |    99 |    72 |    58 ||   229
       Constrict         |    23 |     9 |     8 ||    40
       Kick              |    23 |    10 |     4 ||    37
       Tentacles         |     6 |     2 |     3 ||    11
       Punch             |     1 |     2 |     2 ||     5
       Quarterstaff      |       |    25 |    30 ||    55
 Fire: Hunting sling     |       |    10 |    41 ||    51
Throw: Dart              |       |       |     4 ||     4
 Cast: Beastly Appendage |    22 |    18 |     7 ||    47
       Spider Form       |     7 |    14 |    12 ||    33
  Use: Scroll            |       |     7 |     1 ||     8
 Stab: Sleeping          |     5 |     9 |     2 ||    16
       Petrified         |       |     2 |       ||     2
       Petrifying        |       |     1 |       ||     1
Armor: Skin              |     5 |     3 |     4 ||    12
Dodge: Dodged            |    54 |    69 |    51 ||   174
Block: Other             |       |       |     8 ||     8
